 Dungeon Crawl Stone Soup version 0.24-a0-137-gd96d3d62bd (webtiles) character file.

Game seed: 0

15152 MrRokkomies the Nimble (level 11, -4/60 HPs)
             Began as a Spriggan Gladiator on Feb 28, 2019.
             Was an Elder of Wu Jian.
             Slain by a hippogriff (5 damage)
             ... while petrified by a basilisk
             ... on level 6 of the Lair of Beasts on Mar 1, 2019.
             The game lasted 01:00:09 (15117 turns).

MrRokkomies the Nimble (Spriggan Gladiator)        Turns: 15117, Time: 01:00:09

Health: -4/60      AC:  8    Str: 12    XL:     11   Next: 98%
Magic:  16/16      EV:  4    Int: 12    God:    Wu Jian [****..]
Gold:   286        SH:  0    Dex: 19    Spells: 2/10 levels left

rFire    + . .     SeeInvis +   a - +0 quarterstaff (distort)
rCold    . . .     Gourm    .   (shield currently unavailable)
rNeg     + + +     Faith    .   y - +1 robe
rPois    ∞         Spirit   .   c - +1 hat
rElec    .         Reflect  .   x - +0 cloak
rCorr    .         Harm     .   (gloves unavailable)
MR       +....                  (boots unavailable)
Stlth    ++........             e - amulet of rage
HPRegen  0.20/turn              k - +1 ring of protection
MPRegen  0.15/turn              (no ring)

@: lethally poisoned (-4 -> -4), petrified, very quick
A: very small, unfitting armour, molten scales 1, see invisible, clever 1, fire
resistance 1, herbivore, speed 3, slow metabolism 2
a: Wall Jump, Serpent's Lash, Renounce Religion, Evoke Berserk Rage


You were on level 6 of the Lair of Beasts.
You worshipped Wu Jian.
Wu Jian was greatly pleased with you.
You were hungry.

You visited 3 branches of the dungeon, and saw 14 of its levels.

You collected 587 gold pieces.
You spent 301 gold pieces at shops.

Inventory:

Hand Weapons
 a - a +0 quarterstaff of distortion (weapon)
 b - a +0 hunting sling
 v - a +2 short sword of venom
Missiles
 m - 102 stones (quivered)
 o - 39 sling bullets
 r - 21 poisoned needles
 w - 7 needles of frenzy
Armour
 c - a +1 hat (worn)
 x - a +0 cloak (worn)
 y - a +1 robe (worn)
Jewellery
 d - a -4 ring of evasion
 e - an amulet of rage (around neck)
 k - a +1 ring of protection (left hand)
 p - an uncursed ring of flight
Wands
 i - a wand of paralysis (3)
 j - a wand of disintegration (13)
 t - a wand of flame (18)
 E - a wand of acid (3)
 F - a wand of polymorph (4)
Scrolls
 n - a scroll of identify
 q - 2 scrolls of amnesia
 s - a scroll of enchant armour
 u - a scroll of magic mapping
 B - a scroll of fear
 C - a scroll of teleportation
 D - a scroll of torment {unknown}
Potions
 g - 2 potions of brilliance
 h - 2 potions of magic
 l - 2 potions of curing
 z - 2 potions of cancellation
 A - 2 potions of flight
Comestibles
 f - 20 rations


   Skills:
 - Level 8.0 Fighting
 * Level 10.9 Staves
 - Level 5.3(5.6) Slings
 - Level 2.0(3.4) Throwing
 - Level 12.0 Dodging
 * Level 0.0 Necromancy
 - Level 6.0 Evocations


You had 2 spell levels left.
You knew the following spells:

 Your Spells              Type           Power        Failure   Level  Hunger
a - Animate Skeleton      Necr           N/A          32%         1    ##.....
b - Regeneration          Chrm/Necr      #.........   69%         3    ####...
c - Animate Dead          Necr           N/A          97%         4    #####..

Your spell library contained the following spells:

 Spells                   Type           Power        Failure   Level  Hunger
 Pain                     Necr           #...         32%         1    ##.....
 Sandblast                Erth           #.....       32%         1    ##.....
 Passwall                 Tmut/Erth      #.......     45%         2    ###....
 Stone Arrow              Conj/Erth      #.....       69%         3    ####...
 Vampiric Draining        Necr           #.........   69%         3    ####...
 Petrify                  Tmut/Erth      #.......     97%         4    #####..
 Lee's Rapid Deconstruct  Erth           #.........   100%        5    ######.


Dungeon Overview and Level Annotations

Branches:
Dungeon (9/15)             Temple (1/1) D:5            Lair (3/6) D:8
 Spider (0/4) Lair:2
  Swamp: Lair:2-4    Shoals: Lair:2-4       Orc: D:9-12

Altars:
Fedhas
Vehumet
Wu Jian
Xom
The Shining One

Shops:
D:6 *   D:8 :!(

Annotations:
D:4 1 runed translucent door, hemabe's ghost, amateur HuAr
D:7 3 runed translucent doors, yrara's ghost, novice DsFi
Lair:2 3 runed translucent doors, exclusion: oklob plant, UristMcMason's ghost, journeyman DEFE


Innate Abilities, Weirdness & Mutations

You are very small and have problems with some larger weapons.
You are too small for most types of armour.
You have supernaturally acute eyesight. (SInv)
You are a herbivore.
You cover ground extremely quickly.
You need to consume almost no food.
You are partially covered in molten scales. (AC +2)
Your mind is acute. (Int +2)
Your flesh is heat resistant. (rF+)


Message History

You are poisoned.
The black mamba poisons you! The black mamba misses you.
The black mamba bites you!
* * * LOW HITPOINT WARNING * * *
You have turned to stone.
The black mamba bites you but does no damage.
The black mamba bites you!
* * * LOW HITPOINT WARNING * * *
The seven-headed hydra bites you but does no damage.
The seven-headed hydra barely misses you.
The seven-headed hydra bites you but does no damage.
The seven-headed hydra bites you!
* * * LOW HITPOINT WARNING * * *
The seven-headed hydra bites you but does no damage.
The seven-headed hydra bites you!
* * * LOW HITPOINT WARNING * * *
The seven-headed hydra barely misses you.
The black mamba bites you but does no damage.
The hippogriff bites you!
You die...

...................
....................
.....................
.....................
.....................
.....................
.............DS......
........FYltY@H......
.......YY............
...#.YY#......t.....
####..####.........
#..#Y.# #.#l......
#.##.#FY## ##........
......Y..###........<
.......Y.............
.................


You could see a seven-headed hydra, a hippogriff, a black mamba, 6 yaks, a spiny
frog, 2 basilisks and 2 crocodiles.

Vanquished Creatures
  A two-headed ogre (D:8)
  Pikel (D:8)
  2 black mambas
  Maurice (D:8)
  4 spiny frogs
  2 komodo dragons
  3 jumping spiders (Lair:2)
  3 blink frogs (Lair:2)
  2 hippogriffs
  A redback (Lair:2)
  A shadow (D:9)
  11 yaks
  3 water moccasins
  5 porcupines
  2 slaves (D:8)
  A black bear (Lair:1)
  3 orc warriors (D:8)
  2 sky beasts (D:5)
  An ice beast (D:6)
  5 ogres
  2 centaurs
  6 crocodiles
  17 wolves
  2 big kobolds
  9 bullfrogs
  A scorpion (D:5)
  4 killer bees (D:7)
  A howler monkey (D:8)
  3 crimson imps (D:8)
  3 bullfrog zombies
  2 jellies
  5 hounds
  An orc priest (D:7)
  4 iguanas
  4 worker ants
  9 orc wizards
  3 hound skeletons
  4 worker ant zombies
  3 gnolls (D:2)
  7 adders
  2 shadow imps
  An ooze (D:1)
  An adder zombie (D:8)
  3 worms
  A dart slug (D:3)
  5 leopard geckos
  29 orcs
  7 bats
  4 giant cockroaches
  7 hobgoblins
  4 jackals
  14 kobolds
  8 quokkas
  10 frilled lizards
  6 goblins
  2 quokka zombies
  10 rats
258 creatures vanquished.

Vanquished Creatures (collateral kills)
  3 wolves (Lair:3)
  A fungus (Lair:3)
4 creatures vanquished.

Vanquished Creatures (others)
  A two-headed ogre (D:8)
  A torpor snail (Lair:2)
  A spiny frog (Lair:1)
  A jumping spider (Lair:2)
  3 blink frogs (Lair:2)
  4 yaks
  A basilisk (Lair:2)
  2 slaves (D:8)
  3 wolves (Lair:3)
  A crocodile (Lair:2)
  An orc (D:8)
  7 fungi
  5 plants
31 creatures vanquished.

Grand Total: 293 creatures vanquished

Notes
Turn   | Place    | Note
-------+----------+-------------------------------------------
     0 | D:1      | MrRokkomies the Spriggan Gladiator began the quest for the
                  | Orb.
     0 | D:1      | Reached XP level 1. HP: 10/10 MP: 2/2
   371 | D:1      | Reached XP level 2. HP: 10/14 MP: 3/3
   446 | D:1      | Reached skill level 5 in Dodging
  1052 | D:2      | Reached XP level 3. HP: 17/18 MP: 4/4
  1831 | D:2      | Reached skill level 6 in Dodging
  1831 | D:2      | Reached XP level 4. HP: 22/22 MP: 5/5
  2631 | D:2      | Upgraded the game from 0.24-a0-134-gd0b080c8eb to
                  | 0.24-a0-137-gd96d3d62bd
  2881 | D:2      | Gained mutation: Your mind is acute. (Int +2) [potion of
                  | mutation]
  2881 | D:2      | Gained mutation: Your flesh is heat resistant. (rF+)
                  | [potion of mutation]
  2881 | D:2      | Gained mutation: You are partially covered in molten
                  | scales. (AC +2) [potion of mutation]
  3041 | D:3      | Found an ornate altar of the Wu Jian Council.
  3056 | D:3      | Became a worshipper of the Wu Jian Council
  3061 | D:3      | Noticed an ogre
  3074 | D:3      | Killed an ogre
  3074 | D:3      | Reached XP level 5. HP: 24/25 MP: 6/6
  3498 | D:3      | Reached * piety under Wu Jian
  3788 | D:3      | Reached XP level 6. HP: 14/30 MP: 7/7
  4397 | D:4      | Found a runed translucent door.
  4438 | D:4      | Noticed hemabe's ghost (amateur HuAr)
  4626 | D:5      | Entered Level 5 of the Dungeon
  4672 | D:5      | Noticed a sky beast
  4680 | D:5      | Found a staircase to the Ecumenical Temple.
  4704 | D:5      | Killed a sky beast
  4704 | D:5      | Reached XP level 7. HP: 33/33 MP: 8/8
  4880 | Temple   | Entered the Ecumenical Temple
  5274 | D:5      | Reached skill level 5 in Slings
  5374 | D:5      | Reached skill level 5 in Staves
  6144 | D:6      | Reached XP level 8. HP: 40/40 MP: 9/9
  6165 | D:6      | Found a glowing golden altar of the Shining One.
  6252 | D:6      | Found Rithowol's Assorted Antiques.
  6255 | D:6      | Bought a scroll labeled UDINWU WUSAWEM for 22 gold pieces
  6255 | D:6      | Bought a scroll of identify for 44 gold pieces
  6255 | D:6      | Bought a scroll labeled UDINWU WUSAWEM for 22 gold pieces
  6255 | D:6      | Bought a bubbling silvery potion for 19 gold pieces
  6489 | D:6      | Found a shimmering altar of Xom.
  6862 | D:6      | Reached ** piety under Wu Jian
  7257 | D:7      | Found a runed translucent gate.
  7257 | D:7      | Found a runed translucent gate.
  7257 | D:7      | Found a runed translucent gate.
  7257 | D:7      | Noticed yrara's ghost (novice DsFi)
  8105 | D:7      | Reached skill level 5 in Fighting
  8262 | D:7      | Reached XP level 9. HP: 35/47 MP: 10/10
  8739 | D:8      | Noticed Maurice
  8766 | D:8      | Killed Maurice
  8824 | D:8      | Noticed a two-headed ogre
  8937 | D:8      | Noticed a two-headed ogre
  9084 | D:8      | Killed a two-headed ogre
  9129 | D:8      | Found a staircase to the Lair.
  9132 | D:8      | Found Fusiuly's Antique Weapon Boutique.
  9133 | D:8      | Found Gurokhleu's Distillery.
  9135 | D:8      | Bought a runed quarterstaff for 182 gold pieces
  9141 | D:8      | Noticed Pikel
  9172 | D:8      | Bought a potion of degeneration for 12 gold pieces
  9594 | D:8      | Killed Pikel
  9594 | D:8      | Reached XP level 10. HP: 48/55 MP: 11/11
  9671 | D:8      | Found Iqurim's Book Emporium.
 10113 | D:8      | Reached *** piety under Wu Jian
 10302 | D:8      | Banished a two-headed ogre
 10802 | D:9      | Reached skill level 1 in Evocations
 10838 | Lair:1   | Entered Level 1 of the Lair of Beasts
 10860 | Lair:1   | Noticed a spiny frog
 10891 | Lair:1   | Banished a spiny frog
 11129 | Lair:1   | Learned a level 1 spell: Animate Skeleton
 11148 | Lair:1   | Noticed a spiny frog
 11167 | Lair:1   | Noticed a spiny frog
 11172 | Lair:1   | Killed a spiny frog
 11172 | Lair:1   | Reached skill level 5 in Evocations
 11467 | Lair:1   | Noticed a black mamba
 11478 | Lair:1   | Killed a black mamba
 11522 | Lair:1   | Killed a spiny frog
 11522 | Lair:1   | Reached skill level 7 in Dodging
 11522 | Lair:1   | Reached XP level 11. HP: 37/60 MP: 16/16
 12281 | Lair:1   | Reached skill level 8 in Dodging
 12796 | Lair:2   | Found a runed translucent gate.
 12796 | Lair:2   | Found a runed translucent gate.
 12796 | Lair:2   | Found a runed translucent gate.
 12914 | Lair:2   | Noticed UristMcMason's ghost (journeyman DEFE)
 12927 | Lair:2   | Reached skill level 10 in Staves
 12938 | Lair:2   | Reached skill level 9 in Dodging
 13576 | Lair:2   | Reached skill level 10 in Dodging
 13658 | Lair:2   | Noticed an oklob plant
 13705 | Lair:2   | Reached **** piety under Wu Jian
 13744 | Lair:2   | Found a hole to the Spider Nest.
 14259 | Lair:3   | Reached skill level 11 in Dodging
 14973 | Lair:3   | Learned a level 3 spell: Regeneration
 14978 | Lair:3   | Learned a level 4 spell: Animate Dead
 15043 | Lair:3   | Reached skill level 12 in Dodging
 15088 | Lair:3   | You fall through a shaft for 3 floors!
 15088 | Lair:6   | Entered Level 6 of the Lair of Beasts
 15109 | Lair:6   | Noticed a seven-headed hydra
 15116 | Lair:6   | HP: 1/60 [seven-headed hydra (5)]
 15117 | Lair:6   | Slain by a hippogriff

Levels and vault maps discovered:
D:1:      evilmike_arrival_crescent, layout_loops_ring, minmay_tetromino_i2
D:2:      layout_basic
D:3:      layout_basic, nicolae_overflow_crystal_walls, minivault_25
D:4:      layout_cave_pools, ebering_ghost_sewer_d, minmay_bent
D:5:      layout_gridville, minmay_temple_entry_mini_moons, first_ration,
          kennysheep_generic_room_5
D:6:      layout_basic, nicolae_overflow_hidden_temple, serial_shops,
          nicolae_shop_behind_doors, basic_altar
D:7:      layout_basic, ebering_ghost_rock_garden
D:8:      layout_loops_ring, lair_entry_dummy, serial_shops, shop, shop,
          nicolae_shop_behind_doors, blue_anna_alchemist
          [blue_anna_fruit_fields, blue_anna_fruit_fields], minmay_diced_spiral,
          uniq_maurice, uniq_pikel
D:9:      layout_basic, orc_david_3, serial_shops, nicolae_shop_trees,
          minivault_28, uniq_harold
Temple:   regret_index_temple_chain_breaker
Lair:1:   layout_regular_city
Lair:2:   layout_cave_pods, spider_nest_entry_funnel_web, gammafunk_ghost_icy,
          minmay_lair_oklob_chamber
Lair:3:   layout_regular_city, grunt_forest_large_clearings,
          serial_bayou_shore_a
Lair:6:   hangedman_lair_caniforms_friends, layout_small_grid,
          guppyfry_lair_end_dragon, chequers_serial_rivers_micro_e,
          fungi_pond_lemuel

Skill      XL: |  1  2  3  4  5  6  7  8  9 10 11 |
---------------+----------------------------------+-----
Dodging        | 5 6 7 12 | 12.0
Staves         | 3 4 5 6 8 9 10 | 10.9
Slings         | 2 3 4 5 |  5.3
Fighting       | 3 5 7 8 |  8.0
Evocations     | 6 |  6.0
Throwing       | |  2.0

Action                   |  1- 3 |  4- 6 |  7- 9 | 10-12 || total
-------------------------+-------+-------+-------+-------++-------
Melee: Quarterstaff      |   126 |   277 |   378 |   640 ||  1421
       Hunting sling     |       |       |     4 |       ||     4
       Short sword       |       |       |    12 |       ||    12
 Fire: Hunting sling     |       |    22 |    45 |       ||    67
Throw: Throwing net      |       |       |     4 |       ||     4
       Stone             |       |       |       |    33 ||    33
 Cast: Animate Skeleton  |       |       |       |    10 ||    10
Invok: Whirlwind         |       |    54 |    77 |   175 ||   306
       Lunge             |       |     6 |    17 |    33 ||    56
       Serpent's Lash    |       |       |       |     1 ||     1
 Abil: Evoke Berserk Rag |       |       |     2 |       ||     2
Evoke: Wand              |       |       |       |     7 ||     7
  Use: Scroll            |       |     9 |     5 |     6 ||    20
       Potion            |       |     3 |     4 |     4 ||    11
 Stab: Sleeping          |     2 |     6 |     3 |     3 ||    14
       Held in net/web   |       |       |     3 |       ||     3
       Distracted        |       |       |       |     1 ||     1
       Fleeing           |       |       |       |     1 ||     1
  Eat: Ration            |       |     1 |     3 |     4 ||     8
Armor: Robe              |     7 |    23 |    35 |    53 ||   118
Dodge: Dodged            |   152 |   262 |   301 |   468 ||  1183

Table legend:
 A = Non-vault XP
 B = Vault XP
 C = Vault XP percentage of total XP
 D = Non-vault monster count
 E = Vault monster count
 F = Vault count percentage of total count
                 A         B        C        D         E       F
            +---------+---------+-------+---------+---------+-------
      Total |   16493 |    5153 |  23.8 |     234 |      42 |  15.2
            +---------+---------+-------+---------+---------+-------
        D:1 |      33 |       2 |   5.7 |      18 |       1 |   5.3
        D:2 |     137 |       0 |   0.0 |      29 |       0 |   0.0
        D:3 |     219 |       3 |   1.4 |      30 |       1 |   3.2
        D:4 |     155 |      20 |  11.4 |       9 |       5 |  35.7
        D:5 |     561 |     222 |  28.4 |      11 |       2 |  15.4
        D:6 |     656 |       0 |   0.0 |      23 |       0 |   0.0
        D:7 |     879 |       0 |   0.0 |      25 |       0 |   0.0
        D:8 |    3509 |    1322 |  27.4 |      35 |       7 |  16.7
        D:9 |     294 |       0 |   0.0 |       3 |       0 |   0.0
     Lair:1 |    4360 |       0 |   0.0 |      20 |       0 |   0.0
     Lair:2 |    4798 |    1475 |  23.5 |      27 |       6 |  18.2
     Lair:3 |     892 |    2109 |  70.3 |       4 |      20 |  83.3
            +---------+---------+-------+---------+---------+-------
